 Dungeon Crawl Stone Soup version 0.24.0-35-gdb84b6a5db (webtiles) character file.

Game seed: 16163715729039884581, levelgen mode: deterministic

100 MJtheKandyman the Skirmisher (level 4, 0/44 HPs)
             Began as a Hill Orc Fighter on Nov 17, 2019.
             Slain by a gnoll
             ... wielding a +0 club
              (7 damage)
             ... on level 3 of the Dungeon.
             The game lasted 00:14:39 (1842 turns).

MJtheKandyman the Skirmisher (Hill Orc Fighter)     Turns: 1842, Time: 00:14:40

Health: 0/44       AC:  6    Str: 19    XL:     4   Next: 73%
Magic:  4/4        EV:  7    Int:  8    God:
Gold:   199        SH:  9    Dex: 10    Spells: 3/3 levels left

rFire    . . .     SeeInvis .   a - +0 war axe
rCold    . . .     Gourm    .   c - +0 shield
rNeg     . . .     Faith    .   b - +0 scale mail
rPois    .         Spirit   .   (no helmet)
rElec    .         Reflect  .   (no cloak)
rCorr    .         Harm     .   (no gloves)
MR       .....                  (no boots)
Stlth    ..........             (no amulet)
HPRegen  0.14/turn              (no ring)
MPRegen  0.09/turn              (no ring)

@: glowing
A: no striking features
a: no special abilities


You were on level 3 of the Dungeon.
You were not hungry.

You visited 1 branch of the dungeon, and saw 3 of its levels.

You collected 199 gold pieces.

Inventory:

Hand Weapons
 a - a +0 war axe (weapon)
 p - a +0 dagger
Missiles
 n - 44 sling bullets
Armour
 b - a +0 scale mail (worn)
 c - a +0 shield (worn)
 i - a +0 chain mail
 q - a cursed +0 robe
 s - a +0 plate armour
Wands
 m - a wand of random effects (25)
Scrolls
 e - 3 scrolls of teleportation {unknown}
 h - 4 scrolls of identify {unknown}
Potions
 d - a potion of might
 g - a potion of mutation {unknown}
 j - a potion of lignification {unknown}
 k - a potion of curing {unknown}
 l - a potion of brilliance {unknown}
 o - 2 potions of agility {unknown}
 r - a potion of heal wounds {unknown}
Comestibles
 f - 5 rations


   Skills:
 + Level 5.9 Fighting
 + Level 3.8 Axes
 - Level 3.2 Armour
 - Level 3.2 Shields


You had 3 spell levels left.
You didn't know any spells.
Your spell library was empty.

Dungeon Overview and Level Annotations

Branches:
Dungeon (3/15)

Altars:
Xom


Message History

The kobold throws a stone.
The stone closely misses you.
You closely miss the gnoll shaman. You block the gnoll shaman's attack.
You hit the gnoll shaman but do no damage.
You block the gnoll shaman's attack.
The gnoll shaman calls upon its god to speed up the gnoll.
The gnoll seems to speed up.
You hit the gnoll shaman.
The gnoll shaman is moderately wounded.
The gnoll shaman invokes the aid of its god against you.
You are outlined in light.
You slash the gnoll shaman!
The gnoll shaman is severely wounded.
You block the gnoll shaman's attack.
The gnoll shaman hits you with a +0 whip.
* * * LOW HITPOINT WARNING * * *
You slash the gnoll shaman!
You kill the gnoll shaman!
The gnoll completely misses you.
You barely miss the gnoll. The gnoll hits you with a +0 club!
You die...

## #. #. .. #. #.
.
######g#######....
#.....gKg@....((.#
#......########..#
#........
#..?....#
#......># ####
#.......#.g...
#.........g...
#$....<..g....
.[.......g.....


You could see 3 gnolls and a kobold.

Vanquished Creatures
  A gnoll shaman (D:3)
  An adder (D:2)
  An ooze (D:1)
  A worm (D:2)
  2 dart slugs (D:1)
  A leopard gecko (D:2)
  2 ball pythons
  5 bats
  3 giant cockroaches (D:1)
  4 goblins
  3 hobgoblins
  6 jackals
  11 kobolds
  3 frilled lizards
  3 rats (D:1)
47 creatures vanquished.

Notes
Turn   | Place    | Note
-------+----------+-------------------------------------------
     0 | D:1      | MJtheKandyman the Hill Orc Fighter began the quest for the
                  | Orb.
     0 | D:1      | Reached XP level 1. HP: 19/19 MP: 1/1
   165 | D:1      | Reached skill level 4 in Fighting
   245 | D:1      | Reached XP level 2. HP: 27/27 MP: 2/2
   681 | D:1      | Reached XP level 3. HP: 35/35 MP: 3/3
   710 | D:1      | Reached skill level 5 in Fighting
  1492 | D:2      | Reached XP level 4. HP: 42/42 MP: 4/4
  1501 | D:2      | Found a shimmering altar of Xom.
  1550 | D:2      | Noticed a centaur
  1842 | D:3      | Slain by a gnoll

Levels and vault maps discovered:
D:1:      minmay_arrival_diagonal_passages, layout_loops_ring
D:2:      minmay_kobold_bridge, layout_rooms, xom_butterflies,
          gammafunk_temple_overflow_claw, first_ration
D:3:      layout_basic, wad_floor_pattern_untrapped, minmay_quadrilaterals

Skill      XL: |  1  2  3 |
---------------+----------+-----
Fighting       | 4 5 |  5.9
Axes           | 3 |  3.8
Armour         | |  3.2
Shields        | |  3.2

Action                   |  1- 3 |  4- 6 || total
-------------------------+-------+-------++-------
Melee: War axe           |   129 |    33 ||   162
  Eat: Chunk             |     2 |     1 ||     3
Armor: Scale mail        |    53 |    13 ||    66
Dodge: Dodged            |    50 |    10 ||    60
Block: Shield            |    62 |    29 ||    91
